3288 views
Uploaded 2020-05-14 23:55:50
Game version 1.32.4 / 1.32.5
3:44 long 2on2 custom game on (6)GnollWood
Game name "W3Champions-10-132547"
Saved by NeverQuit
3288 views
Uploaded 2020-05-14 23:55:50
Game version 1.32.4 / 1.32.5
3:44 long 2on2 custom game on (6)GnollWood
Game name "W3Champions-10-132547"


18 units @ 1.9k
/ 0.2k
13 buildings @ 2.3k
/ 0.6k

| Wisp | 10 | 600 | / | 0 |
| Huntress | 1 | 195 | / | 20 |
| total: | 11 | 795g | / | 20w |
| Altar of Elders | 1 | 180 | / | 50 |
| Moon Well | 3 | 540 | / | 120 |
| Hunter's Hall | 1 | 210 | / | 100 |
| Ancient of War | 2 | 300 | / | 120 |
| total: | 7 | 1230g | / | 390w |
| 0:00 | Wisp |
| 0:07 | Altar of Elders |
| 0:09 | Wisp |
| 0:27 | Moon Well |
| 0:31 | Wisp |
| 0:42 | Wisp |
| 0:48 | Wisp |
| 1:05 | Wisp |
| 1:23 | Wisp |
| 1:25 | Wisp |
| 1:34 | Wisp |
| 1:58 | Hunter's Hall |
| 2:00 | Ancient of War |
| 2:04 | Wisp |
| 2:11 | Moon Well |
| 2:45 | Ancient of War |
| 2:48 | Moon Well |
| 2:58 | Searing Arrows |
| 3:11 | Huntress |
| 3:12 | Ultravision |
| Right click | 263 |
| Select | 60 |
| Chat | 26 |
| Assign group | 25 |
| Select group | 25 |
| Build/train/purchase | 16 |
| Resource trade | 8 |
| Misc. action | 2 |
| Use ability | 1 |
| Esc | 1 |
| Minimap ping | 1 |

| Rod of Necromancy | 1 | 150 |
| total: | 1 | 150g |
| Acolyte | 2 | 150 | / | 0 |
| Ghoul | 1 | 120 | / | 0 |
| Crypt Fiend | 4 | 860 | / | 160 |
| total: | 7 | 1130g | / | 160w |
| Nerubian Tower | 1 | 100 | / | 20 |
| Crypt | 1 | 200 | / | 50 |
| Graveyard | 1 | 215 | / | 0 |
| Altar of Darkness | 1 | 180 | / | 50 |
| Ziggurat | 2 | 300 | / | 100 |
| Tomb of Relics | 1 | 130 | / | 30 |
| total: | 6 | 1025g | / | 230w |
| 0:04 | Acolyte |
| 0:04 | Acolyte |
| 0:09 | Crypt |
| 0:15 | Graveyard |
| 0:35 | Altar of Darkness |
| 0:48 | Ziggurat |
| 1:13 | Ghoul |
| 1:24 | Tomb of Relics |
| 1:43 | Crypt Fiend |
| 1:53 | Ziggurat |
| 2:14 | Crypt Fiend |
| 2:32 | Nerubian Tower |
| 2:38 | Death Coil |
| 2:40 | Rod of Necromancy |
| 3:00 | Crypt Fiend |
| 3:26 | Crypt Fiend |
| Right click | 72 |
| Assign group | 58 |
| Select | 46 |
| Build/train/purchase | 17 |
| Select group | 14 |
| Misc. action | 13 |
| Resource trade | 8 |
| Use ability | 4 |
27 units @ 2k
/ 0k
17 buildings @ 1.9k
/ 0.5k
| Peasant | 10 | 750 | / | 0 |
| total: | 10 | 750g | / | 0w |
| Scout Tower | 5 | 150 | / | 100 |
| Arcane Tower | 2 | 140 | / | 100 |
| Guard Tower | 3 | 210 | / | 150 |
| Lumber Mill | 1 | 120 | / | 0 |
| Farm | 2 | 160 | / | 40 |
| Altar of Kings | 1 | 180 | / | 50 |
| Keep | 1 | 320 | / | 210 |
| total: | 9 | 610g | / | 190w |
| 0:01 | Peasant |
| 0:01 | Peasant |
| 0:06 | Lumber Mill |
| 0:15 | Peasant |
| 0:20 | Peasant |
| 0:37 | Peasant |
| 0:52 | Peasant |
| 1:04 | Peasant |
| 1:10 | Farm |
| 1:14 | Peasant |
| 1:17 | Scout Tower |
| 1:31 | Scout Tower |
| 1:35 | Peasant |
| 1:42 | Scout Tower |
| 1:45 | Arcane Tower |
| 1:52 | Peasant |
| 2:00 | Scout Tower |
| 2:01 | Guard Tower |
| 2:05 | Scout Tower |
| 2:10 | Arcane Tower |
| 2:42 | Keep |
| 2:48 | Guard Tower |
| 2:57 | Altar of Kings |
| 3:07 | Guard Tower |
| 3:22 | Farm |
| Right click | 120 |
| Select | 106 |
| Build/train/purchase | 25 |

| Healing Salve | 1 | 100 |
| Lesser Clarity Potion | 2 | 140 |
| total: | 3 | 240g |
| Peon | 17 | 1275 | / | 0 |
| total: | 17 | 1275g | / | 0w |
| Watch Tower | 2 | 220 | / | 160 |
| Altar of Storms | 1 | 180 | / | 50 |
| Orc Burrow | 2 | 320 | / | 80 |
| Voodoo Lounge | 1 | 130 | / | 30 |
| War Mill | 2 | 410 | / | 0 |
| Stronghold | 2 | 630 | / | 380 |
| total: | 8 | 1260g | / | 320w |
| 0:02 | Peon |
| 0:02 | Peon |
| 0:08 | Altar of Storms |
| 0:18 | Orc Burrow |
| 0:21 | Peon |
| 0:22 | Peon |
| 0:31 | Peon |
| 0:32 | Peon |
| 1:03 | Voodoo Lounge |
| 1:06 | Peon |
| 1:06 | Peon |
| 1:06 | Peon |
| 1:09 | Peon |
| 1:10 | Peon |
| 1:26 | War Mill |
| 1:34 | Peon |
| 1:34 | Peon |
| 1:36 | War Mill |
| 1:46 | Orc Burrow |
| 1:58 | Peon |
| 1:58 | Peon |
| 2:08 | Healing Salve |
| 2:08 | Lesser Clarity Potion |
| 2:08 | Lesser Clarity Potion |
| 2:10 | Wind Walk |
| 2:21 | Peon |
| 2:21 | Peon |
| 2:53 | Stronghold |
| 3:05 | Watch Tower |
| 3:20 | Watch Tower |
| Right click | 210 |
| Select group | 132 |
| Select | 60 |
| Build/train/purchase | 33 |
| Assign group | 13 |
| Misc. action | 3 |
| Minimap ping | 2 |
| Use ability | 1 |
| Item give/drop | 1 |
| Esc | 1 |
โ